 Dungeon Crawl Stone Soup version 0.32-a0-119-g2e8054a333 (webtiles) character file.

Game seed: 17053144095365677306

40 seren the Ruffian (level 3, -1/40 HPs)
             Began as a Demonspawn Shapeshifter on Feb 6, 2024.
             Killed from afar by Natasha (5 damage)
             ... with a magic dart
             ... on level 2 of the Dungeon.
             The game lasted 00:01:57 (937 turns).

seren the Ruffian (Demonspawn Shapeshifter)          Turns: 937, Time: 00:01:57

Health: -1/40      AC: 21    Str: 16    XL:     3   Next: 30%
Magic:  3/3        EV:  2    Int: 10    God:
Gold:   128        SH:  0    Dex: 12    Spells: 2/2 levels left

rFire   . .          .
                       - Unarmed
rCold   . . .        (no shield)
rNeg    . . .        j - melded +0 leather armour
rPois   +            (helmet currently unavailable)
rElec   .            i - melded scarf {rC+ rF+}
rCorr   .            (gloves currently unavailable)
SInv    .            (boots currently unavailable)
Will    .....        (no amulet)
Stlth   +            (no ring)
HPRegen 0.26/turn    (no ring)
MPRegen 0.08/turn

%: no passive effects
@: tree-form, slowed, very slow
A: stationary, stasis, torment immunity, boosted hp, (yellow scales 1),
(weakness stinger 1)
a: no special abilities


You were on level 2 of the Dungeon.
You were a tree.
You visited 1 branch of the dungeon, and saw 2 of its levels.

You collected 128 gold pieces.

Inventory:

Armour
 a - a +0 animal skin
 g - a +0 chain mail of cold resistance
 i - a scarf of resistance (melded)
 j - a +0 leather armour (melded)
Jewellery
 n - a +6 ring of intelligence
Talismans
 c - a beast talisman (active)
 d - a flux talisman
Scrolls
 e - a scroll of fear {unknown}
 f - 4 scrolls of identify {unknown}
 l - a scroll of poison {unknown}
 m - a scroll of teleportation {unknown}
Potions
 h - a potion of attraction {unknown}
 k - a potion of heal wounds {unknown}


   Skills:
 + Level 1.7 Fighting
 + Level 2.3 Dodging
 + Level 3.1 Unarmed Combat
 + Level 3.0 Shapeshifting


You had 2 spell levels left.
You didn't know any spells.
Your spell library was empty.

Dungeon Overview and Level Annotations

Branches:
Dungeon (2/15)

Altars:

Annotations:
D:2 Natasha


Innate Abilities, Weirdness & Mutations

You are a tree.
Your roots penetrate the ground, keeping you stationary.
You cannot be teleported.
You are immune to unholy pain and torment.
Your maximum health is greatly increased.
Your equipment is partially melded.
((You are partially covered in yellow scales. (AC +2)))
((You have a small tail.))


Message History

Natasha casts a spell.
The jackal bites you but does no damage.
The cerulean imp hits you from afar with a +0 spear.
You hit the jackal.
The jackal is almost dead.
The jackal closely misses you.
The cerulean imp hits you but does no damage.
You hit the jackal.
You kill the jackal!
The cerulean imp hits you from afar with a +0 spear.
* * * LOW HITPOINT WARNING * * *
Natasha mumbles some strange words.
The cerulean imp disappears in a puff of smoke!
Natasha casts a spell at you. The magic dart hits you.
* * * LOW HITPOINT WARNING * * *
Natasha casts a spell at you. The magic dart hits you.
* * * LOW HITPOINT WARNING * * *
Natasha stares at you and mumbles some strange words.
You feel yourself slow down.
Natasha wildly gestures.
You feel troubled. Natasha casts a spell at you. The magic dart hits you.
* * * LOW HITPOINT WARNING * * *
Natasha stares at you and mumbles some strange words.
The magic dart hits you.
* * * LOW HITPOINT WARNING * * *
Your transformation has ended.
Your scarf of resistance unmelds from your body.
You feel resistant to extremes of temperature.
You turn into a tree.
Your scarf of resistance melds into your body.
Your +0 leather armour melds into your body.
You feel hot and cold all over.
Your roots penetrate the ground.
Natasha stares at you and mumbles some strange words.
The magic dart hits you.
You die...
Natasha curls up and begins to purr. ####### ### #. ## #.....#########.## #. #PP.# #..##............# #.
PPP.

#†..#########....#####
#.##########.)..♣h...............
#..............#######...........
#..###.#####..## #...........
##.###.........# #.#.....##.#
...............# #.##...## #
........####...# #h###.##
######..# #...# #5# ### # #..#
#...# ####.#### # #..###....#
#.......#


You could see Natasha.

Vanquished Creatures
  A dart slug (D:1)
  3 ball pythons
  4 endoplasms
  4 giant cockroaches (D:1)
  3 goblins (D:1)
  3 hobgoblins
  A jackal (D:2)
  5 kobolds
  3 bats (D:1)
  2 frilled lizards (D:1)
  4 rats (D:1)
33 creatures vanquished.

Notes
Turn   | Place    | Note
-------+----------+-------------------------------------------
     0 | D:1      | seren the Demonspawn Shapeshifter began the quest for the
                  | Orb.
     0 | D:1      | Reached XP level 1. HP: 15/15 MP: 1/1
   113 | D:1      | Gained mutation: You have a small tail. [demonic ancestry]
   113 | D:1      | Reached XP level 2. HP: 16/21 MP: 2/2
   560 | D:1      | Gained mutation: You are partially covered in yellow
                  | scales. (AC +2) [demonic ancestry]
   560 | D:1      | Reached XP level 3. HP: 26/26 MP: 3/3
   887 | D:2      | Noticed Natasha
   937 | D:2      | Killed from afar by Natasha

Illustrated notes

Levels and vault maps discovered:
D:1:      elethiomel_arrival_quiet, layout_basic, dk_noncrumbling_3,
          minmay_misc_feat_nine_boxes
D:2:      layout_loops_ring, basic_altar, serial_aquarium,
          aquarium_bridge_straight [aquarium_subvault_bridge,
          aquarium_subvault_window, aquarium_subvault_bridge,
          aquarium_subvault_wall], aquarium_window_fake, aquarium_window_fake,
          aquarium_window_1, aquarium_window_corner, aquarium_view_2e,
          aquarium_balcony_1b, uniq_natasha

Skill      XL: |  1  2  3 |
---------------+----------+-----
Dodging        | 2 |  2.3
Unarmed Combat | 3 |  3.1
Shapeshifting  | 3 |  3.0
Fighting       | |  1.7

Action                     || total
---------------------------++-------
  Melee: Unarmed           ||    77
         Punch             ||     3
         Tailslap          ||     5
Ability: Begin Untransform ||     1
    Use: Potion            ||     1
 Armour: Animal skin       ||    14
         Leather armour    ||    28
         Skin              ||     1
  Dodge: Dodged            ||    46
   Form: Beast             ||     1

Table legend: (Time is in decaauts)
 A = Elapsed time spent in this place.
 B = Non-inter-level travel time spent in this place.
 C = Inter-level travel time spent in this place.
 D = Time resting spent in this place.
 E = Time spent auto-exploring this place.
 F = Levels seen in this place.
 G = Mean time per level.
                   A        B        C        D        E       F      G
               +--------+--------+--------+--------+--------+-----+--------+
         Total |    936 |    923 |     13 |      0 |    640 |   2 |  468.0 |
       Dungeon |    936 |    923 |     13 |      0 |    640 |   2 |  468.0 |
               +--------+--------+--------+--------+--------+-----+--------+

Top non-repeatable levels by time:
     D:1: 636 daAuts
     D:2: 299 daAuts
